 Dungeon Crawl Stone Soup version 0.30-a0-782-ge64f9170bb (webtiles) character file.

Game seed: 13276330370758629140

294 vineage the Trooper (level 6, -3/41 HPs)
             Began as a Gargoyle Fighter on Mar 14, 2023.
             Slain by an ogre
             ... wielding a +0 giant club
              (17 damage)
             ... on level 4 of the Dungeon.
             The game lasted 00:03:08 (3156 turns).

vineage the Trooper (Gargoyle Fighter)              Turns: 3156, Time: 00:03:09

Health: -3/41      AC: 16    Str: 19    XL:     6   Next: 34%
Magic:  6/6        EV:  7    Int:  9    God:
Gold:   117        SH:  4    Dex: 11    Spells: 5/5 levels left

rFire   . . .      SeeInvis .    a - +0 flail
rCold   . . .      Faith    .    c - +0 buckler
rNeg    + . .      Spirit   .    k - +0 chain mail
rPois   ∞          Reflect  .    (no helmet)
rElec   +          Harm     .    m - +0 cloak
rCorr   .          Rampage  .    f - +1 pair of gloves
Will    .....                    (no boots) Stlth
                                 (no amulet)
HPRegen 0.26/turn                (no ring)
MPRegen 0.10/turn                (no ring)

@: no status effects
A: sickness immunity, AC +4, negative energy resistance 1, electricity
resistance, torment resistance 1, petrification resistance
a: no special abilities


You were on level 4 of the Dungeon.
You visited 1 branch of the dungeon, and saw 4 of its levels.

You collected 117 gold pieces.

Inventory:

Hand Weapons
 a - a +0 flail (weapon)
Armour
 c - a +0 buckler (worn)
 f - a +1 pair of gloves (worn)
 k - a +0 chain mail (worn)
 m - a +0 cloak (worn)
Jewellery
 b - a ring of ice
 u - a ring of protection from cold
Wands
 e - a wand of roots (6)
Scrolls
 g - 2 scrolls of blinking
 j - 2 scrolls of magic mapping
 l - 5 scrolls of identify
 n - a scroll of vulnerability {unknown}
 o - 2 scrolls of fear
 q - a scroll of fog {unknown}
 r - a scroll of noise {unknown}
 s - 3 scrolls of teleportation
Potions
 d - a potion of might
 h - 4 potions of curing
 i - 2 potions of flight
 p - a potion of mutation {unknown}
 t - a potion of invisibility {unknown}
 v - 2 potions of magic {unknown}
 w - a potion of heal wounds


   Skills:
 + Level 5.8 Fighting
 + Level 4.7 Maces & Flails
 - Level 3.2 Armour
 - Level 3.2 Shields


You had 5 spell levels left.
You didn't know any spells.
Your spell library contained the following spells:

 Spells                   Type           Power      Damage    Failure   Level
 Blink                    Tloc           0%         N/A       100%        2
 Lesser Beckoning         Tloc           0%         N/A       100%        2
 Momentum Strike          Conj/Tloc      0%         3d8       100%        2


Dungeon Overview and Level Annotations

Branches:
Dungeon (4/15)
 Temple: D:4-7

Altars:
Ashenzari
Gozag

Shops:
D:2 !


Innate Abilities, Weirdness & Mutations

You are immune to sickness and miasma.
Your stone body is resilient. (AC +4)
You are immune to poison.
You resist negative energy. (rN+)
You are resistant to electric shocks. (rElec)
You are resistant to unholy torment.
You are immune to petrification.


Message History

No target in view!
w - a potion of heal wounds
h - 4 potions of curing (gained 1) Key pressed, stopping explore.
You enter the shallow water.
Moving in this stuff is going to be slow.
Partly explored, can't reach some places.
Partly explored, can't reach some places.
(D) Dungeon
Where to? (Enter - D:3, ? - help)
There is a stone staircase leading down here.
You climb downwards.
The ogre shouts!
There is a stone staircase leading up here.
An ogre is nearby!
You barely miss the ogre. The ogre barely misses you.
You barely miss the ogre. The ogre hits you with a +0 giant club.
You barely miss the ogre. You completely miss the ogre.
The ogre barely misses you.
You sock the ogre!
The ogre is moderately wounded.
The ogre hits you with a +0 giant club!
You hit the ogre.
The ogre is heavily wounded.
The ogre hits you but does no damage.
You barely miss the ogre.
The ogre is heavily wounded.
The ogre hits you with a +0 giant club.
You hit the ogre.
The ogre is heavily wounded.
You barely miss the ogre.
The ogre is heavily wounded.
The ogre hits you with a +0 giant club!
You hit the ogre.
The ogre is heavily wounded.
The ogre hits you but does no damage.
You hit the ogre.
The ogre is severely wounded.
The ogre hits you with a +0 giant club!
You die...

####
#...
#...
#...
#...###
#..O@<#
#######


You could see an ogre.

Vanquished Creatures
  The ghost of alfthe the Shield-Bearer, an amateur DrFi (D:3)
  2 orc wizards (D:3)
  3 gnolls (D:3)
  4 adders
  A worm (D:3)
  3 dart slugs
  7 orcs (D:3)
  6 ball pythons
  8 bats
  7 endoplasms
  5 giant cockroaches
  4 hobgoblins
  A jackal (D:3)
  2 quokkas
  4 frilled lizards
  2 goblins
  10 kobolds
  9 rats
79 creatures vanquished.

Notes
Turn   | Place    | Note
-------+----------+-------------------------------------------
     0 | D:1      | vineage the Gargoyle Fighter began the quest for the Orb.
     0 | D:1      | Reached XP level 1. HP: 14/14 MP: 1/1
   140 | D:1      | Reached XP level 2. HP: 17/19 MP: 2/2
   570 | D:1      | Reached XP level 3. HP: 24/24 MP: 3/3
   632 | D:1      | Reached skill level 4 in Fighting
  1528 | D:2      | Reached XP level 4. HP: 30/30 MP: 4/4
  1713 | D:2      | Found Eregag's Distillery.
  1915 | D:3      | Reached XP level 5. HP: 29/34 MP: 5/5
  1960 | D:3      | Found a runed translucent door.
  1996 | D:3      | Found an opulent altar of Gozag.
  2164 | D:3      | Reached skill level 5 in Fighting
  2337 | D:3      | Found a broken altar of Ashenzari.
  2603 | D:3      | Noticed alfthe's ghost (amateur DrFi)
  2622 | D:3      | Killed alfthe's ghost
  2623 | D:3      | Reached XP level 6. HP: 15/41 MP: 6/6
  3156 | D:4      | Slain by an ogre

Illustrated notes

Levels and vault maps discovered:
D:1:      kennysheep_arrival_seaside, layout_basic, columned_hall_lemuel
D:2:      layout_rooms, serial_shops, shop
D:3:      wad_river_or_something, layout_loops_cross, evilmike_ruin_ashenzari,
          lemuel_tele_altar, ebering_ghost_reflecting_pool, minivault_5,
          minmay_splitting_lines, kennysheep_doodads
D:4:      layout_basic

Skill      XL: |  1  2  3  4  5 |
---------------+----------------+-----
Fighting       | 4 5 |  5.8
Maces & Flails | 3 4 |  4.7
Armour         | |  3.2
Shields        | |  3.2

Action                     |  1- 3 |  4- 6 || total
---------------------------+-------+-------++-------
  Melee: Flail             |   116 |   194 ||   310
    Use: Scroll            |     5 |     5 ||    10
         Potion            |       |     1 ||     1
 Armour: Scale mail        |    55 |       ||    55
         Chain mail        |    18 |   129 ||   147
  Dodge: Dodged            |    48 |    57 ||   105
  Block: Buckler           |    24 |    40 ||    64

Table legend: (Time is in decaauts)
 A = Elapsed time spent in this place.
 B = Non-inter-level travel time spent in this place.
 C = Inter-level travel time spent in this place.
 D = Time resting spent in this place.
 E = Time spent auto-exploring this place.
 F = Levels seen in this place.
 G = Mean time per level.
                   A        B        C        D        E       F      G
               +--------+--------+--------+--------+--------+-----+--------+
         Total |   3241 |   3124 |    117 |      0 |   2440 |   4 |  810.2 |
       Dungeon |   3241 |   3124 |    117 |      0 |   2440 |   4 |  810.2 |
               +--------+--------+--------+--------+--------+-----+--------+

Top non-repeatable levels by time:
     D:3: 1449 daAuts
     D:1: 1170 daAuts
     D:2: 607 daAuts
     D:4: 14 daAuts
